 Dungeon Crawl Stone Soup version 0.31-a0-175-g9f7f995f2b (webtiles) character file.

Game seed: 15254417237778020124

539 jr51 the Slasher (level 7, -4/50 HPs)
             Began as a Djinni Gladiator on June 17, 2023.
             Was an Initiate of the Shining One.
             Slain by an orc warrior
             ... wielding a +0 hand axe
              (6 damage)
             ... on level 6 of the Dungeon.
             The game lasted 00:44:54 (5417 turns).

jr51 the Slasher (Djinni Gladiator)                 Turns: 5417, Time: 00:44:55

Health: -4/50      AC: 12    Str: 13    XL:     7   Next: 51%
Gold:   358        EV: 10    Int: 11    God:    the Shining One [......] SH:  0 Dex: 15

rFire   + + .        f - +1 whip (freeze) {Only kills ball lickers}
rCold   x . .        u - orb {*channel}
rNeg    . . .        w - +0 scale mail
rPois   ∞            c - +0 helmet
rElec   .            (no cloak)
rCorr   .            (no gloves)
SInv    .            (boots unavailable)
Will    .....        (no amulet) Stlth
                     t - +4 ring of protection
HPRegen 0.28/turn    (no ring)
MPRegen 0.00/turn

%: infuse magic (-5 HP)
@: flying, glowing
A: sickness immunity, fire resistance 2, cold vulnerability 1, float, innate
caster, HP casting, extra vitality 1
a: Renounce Religion


You were on level 6 of the Dungeon.
You worshipped the Shining One.
The Shining One was noncommittal.
You visited 2 branches of the dungeon, and saw 7 of its levels.

You collected 358 gold pieces.

Inventory:

Hand Weapons
 a - a +0 long sword
 f - a +1 whip of freezing (weapon) {Only kills ball lickers}
 h - a +0 club
 q - a +1 sling
Missiles
 d - 5 throwing nets
 e - a javelin
 i - 37 stones
 j - 3 boomerangs
 p - 10 poisoned darts
Armour
 b - a +0 leather armour
 c - a +0 helmet (worn)
 o - a +0 ring mail
 u - an orb of energy (worn)
 w - a +0 scale mail (worn)
Magical Staves
 r - a staff of earth
Jewellery
 t - a +4 ring of protection (left hand)
Wands
 s - a wand of flame (11) (quivered)
Scrolls
 g - 3 scrolls of teleportation {unknown}
 k - 4 scrolls of identify
 m - a scroll of enchant armour {unknown}
 n - 3 scrolls of noise {unknown}
 x - 3 scrolls of amnesia
Potions
 v - a potion of lignification {unknown}


   Skills:
 + Level 3.4 Fighting
 + Level 5.0 Long Blades
 + Level 1.0 Maces & Flails
 + Level 1.6 Throwing
 + Level 3.4 Armour
 + Level 4.5 Dodging
 + Level 0.4 Stealth


You knew the following spells:

 Your Spells              Type           Power      Damage    Failure   Level
a - Summon Small Mammal   Summ           0%         N/A       83%         1
b - Call Imp              Summ           0%         N/A       93%         2
c - Frozen Ramparts       Ice            0%         1d1       99%         3
Your spell library was empty.

Dungeon Overview and Level Annotations

Branches:
Dungeon (6/15)             Temple (1/1) D:5

Altars:
Fedhas
Gozag
Hepliaklqana
Trog
Yredelemnul
The Shining One

Shops:
D:2 [


Innate Abilities, Weirdness & Mutations

You are immune to sickness and miasma.
You are immune to poison.
Your flesh is very heat resistant. (rF++)
You are vulnerable to cold. (rC-)
You float through the air rather than walking.
You learn spells naturally, not from books.
Your magical power is your life essence.
You have superior vitality. (+4 MHP)


Message History

The orc warrior hits you with a +0 hand axe!
You hit the orc warrior but do no damage.
The orc warrior is severely wounded.
The orc hits you from afar with a +0 trident.
The orc warrior hits you with a +0 hand axe.
The orc priest hits you but does no damage.
The orc barely misses you. The orc hits you with a +0 club.
You hit the orc priest but do no damage.
The orc priest misses you. The orc hits you but does no damage. x2
The orc warrior hits you but does no damage.
A gnoll comes into view. It is wielding a +0 club.
The orc hits you with a +0 short sword.
The gnoll shouts!
You hit the orc priest. You freeze the orc priest.
The orc priest is heavily wounded.
The orc barely misses you.
The orc warrior hits you with a +0 hand axe.
* * * LOW HITPOINT WARNING * * *
The orc priest closely misses you. The orc barely misses you.
The orc hits you but does no damage. The orc attacks as you move away!
The orc closely misses you.
The orc priest attacks as you move away!
The orc priest hits you but does no damage.
The orc priest calls upon Beogh to heal the orc warrior.
The orc warrior is healed somewhat.
The orc attacks as you move away! The orc hits you with a +0 club.
* * * LOW HITPOINT WARNING * * *
You completely miss the orc warrior.
The orc warrior is heavily wounded.
The orc priest calls down the wrath of Beogh upon you.
Beogh smites you!
* * * LOW HITPOINT WARNING * * *
The orc warrior hits you with a +0 hand axe.
* * * LOW HITPOINT WARNING * * *
The orc hits you but does no damage.
You hit the orc warrior but do no damage.
The orc warrior is heavily wounded.
The orc hits you but does no damage. The orc closely misses you.
The orc warrior hits you with a +0 hand axe.
You die...

.. .. .. . . ####.
. . ..#.... .# ..
.......### #.#...
#.....#.####......
#.....o##......##
#.@oO<.g.....
#.ooo........
##.#.###.....
#.#.# .... #.#.#
... #.#.# .. #.###
. )..


You could see an orc warrior, an ogre, an orc priest, a gnoll and 3 orcs.

Vanquished Creatures
  A black bear (D:5)
  3 killer bees (D:5)
  3 orc wizards
  A scorpion zombie (D:3)
  A sleepcap (D:5)
  3 gnolls (D:5)
  8 adders
  An adder zombie (D:3)
  2 worms (D:2)
  9 orcs
  5 ball pythons
  3 bats
  6 endoplasms
  4 giant cockroaches
  5 goblins
  6 hobgoblins
  3 jackals (D:1)
  4 kobolds
  5 quokkas
  A ball python zombie (D:3)
  3 frilled lizards
  4 rats
81 creatures vanquished.

Notes
Turn   | Place    | Note
-------+----------+-------------------------------------------
     0 | D:1      | jr51 the Djinni Gladiator began the quest for the Orb.
     0 | D:1      | Reached XP level 1. HP: 18/18 MP: 0/0
   134 | D:1      | Reached XP level 2. HP: 23/23 MP: 0/0
   235 | D:1      | Reached skill level 3 in Long Blades
   310 | D:1      | Reached XP level 3. HP: 28/28 MP: 0/0
   310 | D:1      | Learned a level 1 spell: Summon Small Mammal
  1147 | D:2      | Reached XP level 4. HP: 7/33 MP: 0/0
  1258 | D:2      | Reached skill level 1 in Armour
  1294 | D:2      | Found Big Etso's Armour Shoppe.
  2593 | D:3      | Found a glowing golden altar of the Shining One.
  2602 | D:3      | Became a worshipper of the Shining One
  3237 | D:3      | Found a basalt altar of Yredelemnul.
  3294 | D:3      | Reached XP level 5. HP: 39/39 MP: 0/0
  3294 | D:3      | Learned a level 2 spell: Call Imp
  3597 | D:4      | Found a hazy altar of Hepliaklqana.
  3609 | D:4      | Reached skill level 4 in Long Blades
  3912 | D:5      | Entered Level 5 of the Dungeon
  3926 | D:5      | Found an opulent altar of Gozag.
  3982 | D:5      | Reached XP level 6. HP: 6/45 MP: 0/0
  4115 | D:5      | Noticed a black bear
  4130 | D:5      | Killed a black bear
  4131 | D:5      | Reached XP level 7. HP: 36/50 MP: 0/0
  4131 | D:5      | Learned a level 3 spell: Frozen Ramparts
  4205 | D:5      | Found a blossoming altar of Fedhas.
  4499 | D:5      | Found a staircase to the Ecumenical Temple.
  4532 | D:5      | Reached skill level 5 in Long Blades
  4550 | Temple   | Entered the Ecumenical Temple
  5211 | D:5      | Identified the +6 flail of Defiance {drain, rPois Dex+5
                  | SInv}
  5410 | D:6      | Reached skill level 1 in Maces & Flails
  5416 | D:6      | HP: 2/50 [orc warrior/+0 hand axe (2)]
  5417 | D:6      | Slain by an orc warrior

Illustrated notes

Levels and vault maps discovered:
D:1:      minmay_arrival_doors, layout_basic
D:2:      layout_rooms, serial_shops, nicolae_shop_just_a_little_nook
D:3:      layout_basic, general_overflow_altar,
          nicolae_yredelemnul_corpse_copse, kennysheep_generic_room_12
D:4:      layout_rooms, amcnicky_altar_gilded, mainiacjoe_overflow_catwalk,
          tgw_sif, gammafunk_temple_overflow_claw, minmay_misc_feat_cross
D:5:      layout_loops_ring, nicolae_gozag_seed_capital, fedhas_altar_1,
          minmay_temple_entry_mini_moons, minivault_14
D:6:      layout_cave_pools, nicolae_uskayaw_murder_on_the_dancefloor,
          mainiacjoe_overflow_concentric_impassable, grunt_decor_fettered,
          minivault_11, uniq_eustachio
Temple:   ebering_the_one_and_only

Skill      XL: |  1  2  3  4  5  6  7 |
---------------+----------------------+-----
Long Blades    | 3 4 5 |  5.0
Armour         | 1 2 3 |  3.4
Dodging        | 4 |  4.5
Fighting       | 3 |  3.4
Maces & Flails | 1 |  1.0
Throwing       | |  1.6
Stealth        | |  0.4

Action                     |  1- 3 |  4- 6 |  7- 9 || total
---------------------------+-------+-------+-------++-------
  Melee: Long sword        |   107 |   168 |    11 ||   286
         Punch             |     1 |     1 |       ||     2
         Whip              |       |       |    84 ||    84
  Evoke: Wand              |       |       |     2 ||     2
    Use: Potion            |     1 |     4 |     1 ||     6
         Scroll            |       |     2 |     3 ||     5
 Armour: Leather armour    |    46 |       |       ||    46
         Ring mail         |     4 |    42 |       ||    46
         Scale mail        |       |    57 |    63 ||   120
  Dodge: Dodged            |   110 |   155 |    86 ||   351

Table legend: (Time is in decaauts)
 A = Elapsed time spent in this place.
 B = Non-inter-level travel time spent in this place.
 C = Inter-level travel time spent in this place.
 D = Time resting spent in this place.
 E = Time spent auto-exploring this place.
 F = Levels seen in this place.
 G = Mean time per level.
                   A        B        C        D        E       F      G
               +--------+--------+--------+--------+--------+-----+--------+
         Total |   5489 |   5486 |      3 |    545 |    103 |   7 |  784.1 |
       Dungeon |   5483 |   5480 |      3 |    545 |    103 |   6 |  913.8 |
        Temple |      5 |      5 |      0 |      0 |      0 |   1 |    5.0 |
               +--------+--------+--------+--------+--------+-----+--------+

Top non-repeatable levels by time:
     D:5: 1424 daAuts
     D:2: 1288 daAuts
     D:1: 1267 daAuts
     D:3: 1114 daAuts
     D:4: 350 daAuts
     D:6: 38 daAuts
  Temple: 5 daAuts
